 Dungeon Crawl Stone Soup version 0.25-a0-1119-g28b6fd0c3b (webtiles) character file.

Game seed: 14278135418797452921, levelgen mode: deterministic

970 Esekla the Magician (level 8, -5/50 (52) HPs)
             Began as an Octopode Wizard on May 17, 2020.
             Was a Believer of Elyvilon.
             Splashed by Ijyb's acid (13 damage)
             ... on level 5 of the Dungeon.
             The game lasted 00:54:52 (6032 turns).

Esekla the Magician (Octopode Wizard)               Turns: 6032, Time: 00:54:52

HP:   -5/50 (52)    AC: -3    Str:  6    XL:     8   Next: 16%
MP:   3/16          EV: 13    Int: 23    God:    Elyvilon [**....]
Gold: 159           SH:  0    Dex: 10    Spells: 4/18 levels left

rFire    + . .     SeeInvis .   e - +0 dagger
rCold    . . .     Gourm    .   (no shield)
rNeg     . . .     Faith    .   a - +0 hat
rPois    .         Spirit   .   (no amulet)
rElec    .         Reflect  .   i - ring of ice
rCorr    .         Harm     .   f - ring of fire
MR       .....                  q - ring of protection from fire
Stlth    +++.......             (no ring)
HPRegen  0.16/turn              (no ring)
MPRegen  0.15/turn              (no ring)
                                (no ring)
                                (no ring)

@: corroded, very slightly contaminated
A: almost no armour, stealthy swim, amphibious, 8 rings, constrict 8, camouflage
1, gelatinous body 1
a: Lesser Healing, Heal Other, Divine Protection, Renounce Religion


You were on level 5 of the Dungeon.
You worshipped Elyvilon.
Elyvilon was pleased with you.
You were not hungry.

You visited 1 branch of the dungeon, and saw 6 of its levels.

You collected 159 gold pieces.

Inventory:

Hand Weapons
 e - a +0 dagger (weapon)
 u - a +0 war axe
Missiles
 h - a boomerang (quivered)
Armour
 a - a +0 hat (worn)
Jewellery
 f - a ring of fire (right tentacle)
 i - a ring of ice (left tentacle)
 q - a ring of protection from fire (on tentacle)
Wands
 n - a wand of polymorph (7)
 x - a wand of acid (8)
Scrolls
 d - 3 scrolls of remove curse
 g - 5 scrolls of identify
 j - a scroll of teleportation {unknown}
 l - a scroll of random uselessness {unknown}
 o - a scroll of blinking {unknown}
 p - 2 scrolls of magic mapping {unknown}
 r - a scroll of fog {unknown}
 v - 2 scrolls of fear {unknown}
 w - a scroll of enchant armour {unknown}
Potions
 b - 2 potions of flight {unknown}
 k - a potion of mutation {unknown}
 m - a potion of heal wounds
 s - 3 potions of curing
 t - a potion of might {unknown}
Comestibles
 c - 5 rations


   Skills:
 + Level 3.0 Fighting
 + Level 1.0 Short Blades
 - Level 2.0 Throwing
 + Level 3.0 Dodging
 - Level 2.6 Stealth
 * Level 5.6 Spellcasting
 + Level 3.2 Conjurations
 * Level 2.1 Charms
   Level 1.0 Summonings
 * Level 3.1 Translocations
 * Level 1.7 Ice Magic
 + Level 0.3 Air Magic
 + Level 0.3 Poison Magic


You had 4 spell levels left.
You knew the following spells:

 Your Spells              Type           Power        Failure   Level  Hunger
a - Ozocubu's Armour      Chrm/Ice       ###.....     12%         3    ##.....
b - Blink                 Tloc           N/A          3%          2    None
c - Mephitic Cloud        Conj/Pois/Air  ##......     16%         3    ##.....
d - Magic Dart            Conj           ###.         2%          1    None
f - Conjure Flame         Conj/Fire      ###.....     14%         3    ##.....
s - Song of Slaying       Chrm           ###.....     5%          2    None

Your spell library contained the following spells:

 Spells                   Type           Power        Failure   Level  Hunger
 Infusion                 Chrm           ###.         3%          1    None
 Shroud of Golubria       Chrm/Tloc      ###...       4%          2    None
 Beastly Appendage        Tmut           #.....       9%          1    None
 Call Imp                 Summ           ##......     9%          2    None
 Slow                     Hex            #.......     14%         2    None
 Sticks to Snakes         Tmut           #.......     14%         2    None
 Spectral Weapon          Hex/Chrm       ##......     17%         3    ##.....
 Spider Form              Tmut/Pois      #.........   26%         3    ##.....
 Ice Form                 Ice/Tmut       ###.....     52%         4    ####...
 Blade Hands              Tmut           #.........   94%         5    #####..


Dungeon Overview and Level Annotations

Branches:
Dungeon (6/15)
 Temple: D:4-7

Altars:
Elyvilon
Nemelex Xobeh
Sif Muna
Yredelemnul

Annotations:
D:1 1 runed translucent door
D:5 Ijyb


Innate Abilities, Weirdness & Mutations

You cannot wear most types of armour.
You are very stealthy in the water. (Stealth+)
You are amphibious.
You can wear up to eight rings at the same time.
You can use your tentacles to constrict eight enemies at once.
Your skin changes colour to match your surroundings (Stealth+).
Your rubbery body absorbs attacks. (AC +1, EV +1)


Message History

You constrict Ijyb. Ijyb barely misses you.
Casting: Magic Dart (safe; 2% risk of failure)
Confirm with . or Enter, or press ? or * to list all spells.
Aiming: Magic Dart (safe; 2% risk of failure)
Press: ? - help, Shift-Dir - straight line, f/p - Ijyb
Aim: Ijyb, wearing a +0 chain mail and carrying a wand of acid (2) (almost dead, constricted by you)
The magic dart hits Ijyb but does no damage.
Ijyb is almost dead.
You constrict Ijyb, but do no damage. Ijyb barely misses you.
Casting: Magic Dart (safe; 2% risk of failure)
Confirm with . or Enter, or press ? or * to list all spells.
Aiming: Magic Dart (safe; 2% risk of failure)
Press: ? - help, Shift-Dir - straight line, f/p - Ijyb
Aim: Ijyb, wearing a +0 chain mail and carrying a wand of acid (2) (almost dead, constricted by you)
The magic dart hits Ijyb but does no damage.
Ijyb is almost dead.
You constrict Ijyb.
Ijyb zaps a wand.
The bolt of acid hits you!
* * * LOW HITPOINT WARNING * * *
The acid corrodes you!
You are splashed with acid!
You die...

........###..###.......#.......#
......)......#####........>....#
..............#.#.....#.#......#.
......................#.##.......
................#####............
...............## #.....#.##..#
..>.............## ##..##......#
.....##.........<######.#..#.#..#
.....##........g@#.##.#......#...
##...###^...............##...#...
#....######..............##......
#......####...........#...##.#.##
##.....##...........###.....###.<
#.....O#...........# #.#....##..
##..................###.##......#
#...##..................##..#.#.#
.....##..####...#.......####..#..


You could see Ijyb.

Vanquished Creatures
  A sky beast (D:4)
  A phantom (D:4)
  A necrophage (D:5)
  4 ogres (D:4)
  A scorpion (D:4)
  A howler monkey (D:4)
  A bullfrog zombie (D:5)
  A bullfrog skeleton (D:4)
  A centaur skeleton (D:5)
  4 worker ants (D:4)
  A hound zombie (D:4)
  A worker ant zombie (D:5)
  4 adders (D:5)
  A shadow imp (D:4)
  A leopard gecko (D:4)
  4 giant cockroaches
  6 goblins
  A hobgoblin (D:3)
  2 jackals
  2 quokkas
  2 bats (D:3)
  4 frilled lizards
  2 kobolds (D:2)
  5 rats
52 creatures vanquished.

Notes
Turn   | Place    | Note
-------+----------+-------------------------------------------
     0 | D:1      | Esekla the Octopode Wizard began the quest for the Orb.
     0 | D:1      | Reached XP level 1. HP: 11/11 MP: 4/4
     1 | D:1      | Found a runed translucent door.
   353 | D:2      | Found a white marble altar of Elyvilon.
   378 | D:2      | Became a worshipper of Elyvilon the Healer
   499 | D:3      | Reached XP level 2. HP: 9/17 MP: 1/6
   505 | D:3      | Learned a level 2 spell: Blink
   753 | D:4      | Noticed an ogre
   816 | D:4      | Reached XP level 3. HP: 15/22 MP: 0/8
   823 | D:4      | Learned a level 3 spell: Mephitic Cloud
   827 | D:4      | Learned a level 3 spell: Conjure Flame
   830 | D:4      | Found a sparkling altar of Nemelex Xobeh.
   858 | D:4      | Noticed an ogre
   862 | D:5      | Entered Level 5 of the Dungeon
   868 | D:5      | You fall into a shaft and drop 1 floor!
   889 | D:5      | Noticed a sky beast
   892 | D:6      | Reached * piety under Elyvilon
   995 | D:5      | Noticed an ogre
  1017 | D:6      | Noticed an orc warrior
  1097 | D:4      | Noticed a phantom
  1132 | D:5      | Reached skill level 4 in Spellcasting
  1132 | D:5      | Reached XP level 4. HP: 25/27 MP: 10/10
  1133 | D:5      | Found a shimmering blue altar of Sif Muna.
  1163 | D:5      | Noticed a sky beast
  1166 | D:5      | Noticed an ogre
  1453 | D:2      | Reached skill level 1 in Fighting
  1700 | D:3      | Reached ** piety under Elyvilon
  1941 | D:4      | Reached XP level 5. HP: 17/33 MP: 1/11
  2173 | D:3      | HP: 1/33 [poisoned by a worker ant]
  2703 | D:4      | Found a basalt altar of Yredelemnul.
  2868 | D:5      | Noticed a necrophage
  2890 | D:5      | Killed a necrophage
  2890 | D:5      | Reached XP level 6. HP: 26/37 MP: 0/13
  2990 | D:5      | Learned a level 3 spell: Ozocubu's Armour
  2993 | D:5      | Learned a level 2 spell: Song of Slaying
  3435 | D:4      | Reached skill level 1 in Throwing
  3648 | D:4      | Killed a phantom
  3942 | D:4      | Reached skill level 5 in Spellcasting
  3942 | D:4      | Reached XP level 7. HP: 43/43 MP: 1/14
  4319 | D:4      | Reached skill level 1 in Charms
  4319 | D:4      | Reached skill level 1 in Ice Magic
  4989 | D:4      | Reached skill level 1 in Short Blades
  5172 | D:4      | Reached XP level 8. HP: 29/49 MP: 6/16
  5743 | D:5      | Noticed Ijyb
  6032 | D:5      | Splashed by Ijyb's acid

Illustrated notes

Levels and vault maps discovered:
D:1:      dpeg_arrival_caged_fury, layout_loops_ring, hangedman_decor_points,
          kennysheep_small_spiral
D:2:      layout_rooms, lemuel_crystal_altar
D:3:      layout_rooms, lemuel_round_altar
D:4:      layout_gridville, nemelex_xobeh_ov_fountains_minmay,
          kennysheep_mini_moat, first_ration, serial_park_tiny_1
D:5:      layout_cave_pools, lemuel_crystal_altar, uniq_ijyb
D:6:      layout_loops_ring, hangedman_abyss_or_decor_passed, uniq_edmund

Skill      XL: |  1  2  3  4  5  6  7  8 |
---------------+-------------------------+-----
Spellcasting   | 4 5 |  5.6
Fighting       | 1 2 3 |  3.0
Conjurations   | 2 3 |  3.2
Translocations | 2 3 |  3.1
Throwing       | 1 2 |  2.0
Charms         | 2 |  2.1
Ice Magic      | 1 |  1.7
Short Blades   | 1 |  1.0
Dodging        | 3 |  3.0
Stealth        | |  2.6
Summonings     | |  1.0
Air Magic      | |  0.3
Poison Magic   | |  0.3

Action                   |  1- 3 |  4- 6 |  7- 9 || total
-------------------------+-------+-------+-------++-------
Melee: Dagger            |    19 |    64 |    47 ||   130
       Constrict         |     7 |    15 |    10 ||    32
       Tentacles         |       |     4 |     6 ||    10
Throw: Boomerang         |       |    12 |    36 ||    48
 Cast: Magic Dart        |    29 |    83 |    31 ||   143
       Blink             |       |    11 |     9 ||    20
       Mephitic Cloud    |       |     6 |    10 ||    16
       Conjure Flame     |       |     3 |     2 ||     5
       Ozocubu's Armour  |       |     1 |     2 ||     3
  Use: Scroll            |       |     2 |       ||     2
 Stab: Sleeping          |     2 |     2 |       ||     4
       Confused          |       |     3 |     5 ||     8
  Eat: Chunk             |       |     5 |     5 ||    10
       Ration            |       |     1 |     1 ||     2
Armor: Skin              |     3 |     3 |     3 ||     9
Dodge: Dodged            |    13 |    54 |    53 ||   120

Table legend:
 A = Non-vault XP
 B = Vault XP
 C = Vault XP percentage of total XP
 D = Non-vault monster count
 E = Vault monster count
 F = Vault count percentage of total count
                 A         B        C        D         E       F
            +---------+---------+-------+---------+---------+-------
      Total |    1386 |       0 |   0.0 |      52 |       0 |   0.0
            +---------+---------+-------+---------+---------+-------
        D:1 |       5 |       0 |   0.0 |       3 |       0 |   0.0
        D:2 |       7 |       0 |   0.0 |       5 |       0 |   0.0
        D:3 |      25 |       0 |   0.0 |      16 |       0 |   0.0
        D:4 |    1068 |       0 |   0.0 |      17 |       0 |   0.0
        D:5 |     281 |       0 |   0.0 |      11 |       0 |   0.0
            +---------+---------+-------+---------+---------+-------
